Map: Base du roi Sejong EC

Players

zidar

  • Race: Zerg Zerg
  • League: Gold
  • Spawn Location: 11:00

DeSuza - Winner!

  • Race: Zerg Zerg
  • League: Gold
  • Spawn Location: 5:00

VOD

Have the link to the VOD?

Description

Time

  • Played on: July 7, 2016, 2:59 p.m.
  • Length: 5:58
Show
View Real Time Build Order
Export as new Build Order

zidar Zerg 

Build Orders: 1 Base Baneling Bust, Pool Only 

Get SALT Encoding   

  12  0:01  Drone  
  13  0:08  Extractor  
  13  0:13  Drone  
  13  0:31  Spawning Pool  
  12  0:39  Drone  
  13  0:45  Overlord  
  13  0:57  Overlord  
  13  1:03  Drone  
  14  1:17  Metabolic Boost  
  14  1:26  Queen  
  14  1:29  Zergling x2  
  17  1:33  Zergling x2  
  17  1:37  Zergling x2  
  19  1:44  Zergling x2  
  20  1:51  Zergling x2  
  21  2:05  Zergling x2  
  22  2:20  Zergling x2  
  23  2:25  Zergling x2  
  24  2:35  Zergling x2  
  24  2:36  Zergling x4  
  27  2:42  Baneling Nest  
  26  3:19  Zergling x6  
  18  3:40  Zergling x2  
  19  3:57  Queen  
  19  4:00  Zergling x6  
  24  4:03  Baneling x4  
  24  4:04  Baneling x2  
  23  4:14  Overlord x2  
  19  5:01  Zergling x12  
  19  5:03  Baneling x4  
  23  5:26  Zergling x4  
  25  5:33  Baneling x2  
  25  5:34  Baneling  
  25  5:37  Zergling x2  
Show
View Real Time Build Order
Export as new Build Order

DeSuza Zerg - Winner!

Build Orders: Pool First 

Get SALT Encoding   

  12  0:01  Drone  
  13  0:12  Overlord  
  13  0:17  Drone  
  14  0:30  Drone x2  
  14  0:34  Drone  
  17  0:51  Spawning Pool  
  17  0:52  Drone  
  17  0:58  Drone  
  17  1:02  Extractor  
  17  1:09  Drone  
  18  1:21  Hatchery  
  18  1:25  Drone  
  18  1:31  Drone  
  19  1:38  Overlord  
  19  1:44  Queen  
  21  1:50  Zergling x2  
  22  2:02  Metabolic Boost  
  22  2:05  Drone  
  23  2:13  Drone  
  24  2:26  Baneling Nest  
  24  2:27  Queen  
  25  2:37  Overlord  
  25  2:42  Zergling x4  
  27  2:46  Spine Crawler  
  25  2:53  Zergling x4  
  27  3:01  Spine Crawler  
  27  3:02  Zergling x4  
  27  3:03  Zergling x2  
  29  3:10  Zergling x2, Baneling x2  
  29  3:11  Zergling x2  
  31  3:15  Zergling x2  
  27  3:30  Zergling x2  
  27  3:31  Zergling x6  
  27  3:34  Zergling x2  
  27  3:38  Drone  
  27  3:39  Drone  
  30  3:49  Queen  
  30  3:55  Baneling x2  
  32  4:09  Zergling x2  
  33  4:10  Zergling x8  
  37  4:19  Drone x3  
  37  4:21  Drone  
  41  4:31  Drone x2  
  33  4:58  Drone x7  
  40  5:05  Roach Warren  
  39  5:14  Evolution Chamber  
  39  5:19  Zergling x2  
  39  5:20  Zergling x8  
  41  5:31  Zergling x2  
  41  5:32  Zergling x4  
  41  5:33  Overlord  
  41  5:34  Overlord  
  44  5:38  Extractor  
  43  5:43  Spine Crawler  
Tags
 
Add a new tag
Caveats
  • Supply blocks, unpowered buildings, or Contaminate may cause inaccurate times.
  • Supply counts are checked every 10 seconds.